Map: Pillars of Gold LE

Players

Iceberg

  • Race: Protoss Protoss
  • Spawn Location: 1:00

Begren - Winner!

  • Race: Zerg Zerg
  • Spawn Location: 7:00

VOD

Have the link to the VOD?

Description

Time

  • Played on: Oct. 23, 2020, 11:49 a.m.
  • Length: 12:07
Show
View Real Time Build Order
Export as new Build Order

Iceberg Protoss 

Build Orders: 1 Gate Expand 

Get SALT Encoding   

  12  0:00  Probe (Chrono Boost)  
  13  0:12  Probe (Chrono Boost)  
  14  0:18  Pylon  
  14  0:22  Probe (Chrono Boost)  
  15  0:38  Probe  
  16  0:43  Gateway  
  16  0:50  Probe  
  17  0:58  Assimilator  
  17  1:02  Probe  
  18  1:22  Nexus  
  18  1:25  Probe  
  19  1:44  Probe  
  20  1:48  Cybernetics Core  
  20  1:55  Pylon  
  20  1:56  Probe (Chrono Boost)  
  21  2:07  Assimilator  
  21  2:08  Probe (Chrono Boost)  
  22  2:13  Probe (Chrono Boost)  
  23  2:21  Gateway  
  23  2:23  Probe  
  24  2:35  Probe x2 (Chrono Boost)  
  24  2:36  Stalker  
  28  2:39  Warp Gate  
  28  2:47  Probe (Chrono Boost)  
  30  2:53  Probe (Chrono Boost)  
  30  2:55  Probe (Chrono Boost)  
  31  3:01  Pylon  
  31  3:06  Stalker  
  31  3:07  Probe  
  31  3:10  Stalker  
  36  3:14  Probe  
  37  3:31  Probe (Chrono Boost)  
  37  3:32  Probe (Chrono Boost)  
  39  3:36  Stalker  
  39  3:38  Twilight Council  
  41  3:44  Probe (Chrono Boost)  
  43  3:49  Probe (Chrono Boost)  
  43  3:52  Probe (Chrono Boost)  
  42  3:56  Probe (Chrono Boost)  
  42  3:58  Probe  
  43  4:13  Blink (Chrono Boost)  
  43  4:16  Probe x2  
  45  4:26  Gateway  
  45  4:28  Probe  
  45  4:29  Gateway, Probe  
  45  4:30  Pylon  
  47  4:40  Probe  
  47  4:41  Probe  
  47  4:43  Pylon  
  49  4:47  Assimilator  
  49  4:48  Pylon  
  49  4:51  Stalker  
  51  4:53  Zealot, Probe x2  
  55  5:00  Gateway  
  55  5:03  Gateway  
  57  5:12  Assimilator  
  55  5:24  Zealot x2  
  55  5:25  Zealot  
  59  5:56  Charge (Chrono Boost)  
  59  6:09  Zealot  
  59  6:10  Zealot x4  
  69  6:12  Pylon  
  69  6:15  Pylon  
  69  6:19  Pylon  
  69  6:21  Zealot  
  71  6:29  Forge  
  71  6:31  Stalker x4  
  71  6:32  Stalker  
  81  6:37  Pylon  
  81  6:44  Pylon  
  81  6:46  Stalker  
  83  6:47  Pylon  
  83  6:52  Pylon  
  83  6:57  Robotics Facility  
  83  7:00  Zealot  
  83  7:01  Zealot x2  
  89  7:15  Photon Cannon  
  89  7:16  Photon Cannon  
  89  7:19  Photon Cannon  
  89  7:21  Sentry x2  
  89  7:22  Sentry  
  95  7:23  Sentry  
  95  7:25  Sentry  
  95  7:27  Protoss Ground Weapons Level 1 (Chrono Boost), Sentry  
  101  7:41  Pylon  
  101  7:43  Pylon  
  101  7:46  Zealot  
  101  7:48  Pylon  
  101  7:50  Observer  
  104  7:59  Probe  
  104  8:04  Zealot x3  
  111  8:11  Probe  
  111  8:12  Observer  
  113  8:18  Zealot x3  
  119  8:23  Probe  
  120  8:30  Zealot x3  
  120  8:33  Observer  
  109  8:49  Zealot x3  
  115  9:30  Stalker x2  
  115  9:31  Stalker x4  
  127  9:41  Observer  
  127  9:45  Nexus  
  128  9:49  Pylon  
  120  10:03  Observer  
  121  10:13  Stalker  
  121  10:14  Stalker x4  
  127  10:15  Stalker  
  133  10:24  Observer  
  85  10:37  Zealot  
  85  10:38  Zealot x5  
  48  10:52  Immortal  
  48  10:53  Pylon  
  48  10:56  Pylon  
  52  11:02  Stalker  
  52  11:03  Stalker x3  
  60  11:24  Stalker x2  
  64  11:25  Stalker  
  64  11:26  Stalker  
  64  11:28  Zealot  
  64  11:29  Sentry  
  69  11:48  Zealot x2  
  69  11:49  Zealot x3  
Show
View Real Time Build Order
Export as new Build Order

Begren Zerg - Winner!

Build Orders: Hatch First, Lurkers, Roach Hydra 

Get SALT Encoding   

  12  0:00  Drone  
  13  0:12  Overlord  
  13  0:17  Drone  
  14  0:30  Drone x2  
  14  0:34  Drone  
  17  0:54  Hatchery  
  16  1:00  Drone  
  16  1:01  Drone  
  18  1:14  Spawning Pool  
  18  1:15  Extractor  
  18  1:18  Drone  
  17  1:40  Drone  
  17  1:43  Drone  
  19  1:56  Drone  
  20  2:04  Queen  
  20  2:06  Overlord  
  20  2:08  Zergling x2  
  23  2:09  Queen  
  23  2:11  Zergling x2  
  26  2:20  Metabolic Boost  
  26  2:26  Zergling x4  
  28  2:30  Drone x2  
  28  2:35  Drone  
  31  2:44  Queen  
  31  2:49  Drone x2  
  35  2:58  Drone  
  36  3:08  Overlord  
  36  3:14  Overlord  
  36  3:21  Hatchery  
  36  3:22  Drone  
  36  3:36  Drone x2  
  36  3:37  Drone x5  
  42  3:50  Drone  
  42  3:51  Drone  
  42  3:52  Overlord x2  
  42  4:05  Zergling x6  
  44  4:12  Evolution Chamber  
  44  4:13  Roach Warren  
  44  4:16  Drone x2  
  44  4:18  Extractor  
  44  4:19  Extractor  
  44  4:21  Drone x3  
  45  4:31  Pneumatized Carapace  
  45  4:40  Drone x3, Queen  
  45  4:45  Drone x5  
  55  4:48  Zerg Missile Weapons Level 1  
  55  4:49  Lair  
  55  5:16  Drone  
  56  5:32  Roach x3  
  56  5:33  Roach x2  
  65  5:42  Overlord x5  
  65  5:52  Glial Reconstitution  
  65  5:57  Hydralisk Den  
  64  6:05  Roach x5  
  64  6:06  Roach x2  
  78  6:12  Roach  
  78  6:13  Roach x9  
  78  6:14  Overlord x2  
  98  6:22  Extractor  
  98  6:23  Drone  
  98  6:26  Overlord  
  98  6:30  Grooved Spines  
  98  6:33  Drone  
  98  6:39  Overlord x2  
  99  7:02  Zerg Ground Armor Level 1  
  99  7:07  Overseer  
  99  7:17  Zergling x26  
  99  7:18  Zergling x12  
  117  7:49  Drone  
  117  7:50  Drone x14  
  132  7:52  Extractor  
  132  7:54  Extractor  
  132  7:56  Infestation Pit, Muscular Augments  
  129  8:06  Drone  
  130  8:20  Evolution Chamber  
  130  8:21  Baneling Nest  
  130  8:23  Drone  
  130  8:24  Drone x4  
  122  8:34  Hydralisk x5  
  122  8:35  Hydralisk x3  
  127  8:45  Drone  
  128  8:55  Ravager x2  
  130  8:59  Hive, Lurker Den  
  130  9:00  Hatchery, Hydralisk  
  130  9:01  Hydralisk x4  
  138  9:03  Overlord x3  
  136  9:12  Hydralisk  
  139  9:20  Overlord  
  139  9:21  Overlord x2  
  139  9:28  Hydralisk x6  
  151  9:36  Ravager x3  
  151  9:37  Ravager x4  
  158  9:38  Overlord  
  158  9:39  Overlord x2  
  158  10:02  Lurker x4  
  158  10:03  Hatchery  
  161  10:15  Drone  
  162  10:28  Adaptive Talons  
  160  10:32  Zergling x2  
  160  10:33  Zergling x28  
  151  10:58  Hatchery  
  151  11:01  Queen  
  152  11:12  Lurker  
  152  11:13  Lurker x5  
  158  11:21  Lurker  
  158  11:22  Lurker  
  160  11:34  Drone  
  160  11:35  Drone x5  
Tags
 
Add a new tag
Caveats
  • Supply blocks, unpowered buildings, or Contaminate may cause inaccurate times.
  • Supply counts are checked every 10 seconds.